 Dungeon Crawl Stone Soup version 0.29.0-4-gdea44cf6ec (webtiles) character file.

Game seed: 13302769674586314099

30 qw the Chopper (level 3, -5/29 HPs)
             Began as a Barachi Chaos Knight on Sept 5, 2022.
             Slain by an iron imp (14 damage)
             ... summoned by Xom
             ... on level 2 of the Dungeon.
             The game lasted 00:00:38 (1510 turns).

qw the Chopper (Barachi Chaos Knight)               Turns: 1510, Time: 00:00:39

Health: -5/29      AC:  9    Str: 15      XL:     3   Next: 20%
Magic:  3/3        EV:  6    Int: 12      God:
Gold:   73         SH:  0    Dex:  9 (11) Spells: 2/2 levels left

rFire   . . .      SeeInvis .   Y - +0 hand axe (chaos)
rCold   . . .      Faith    .   (no shield)
rNeg    . . .      Spirit   .   d - +0 chain mail
rPois   .          Reflect  .   h - +0 helmet
rElec   .          Harm     .   (no cloak)
rCorr   .          Rampage  .   (no gloves)
Will    .....                   (no boots)
Stlth   ..........              (no amulet)
HPRegen 0.09/turn               (no ring)
MPRegen 0.08/turn               (no ring)

@: slow
A: amphibious, slowness 1, strong legs 1, +LOS
a: Hop


You were on level 2 of the Dungeon.
You visited 1 branch of the dungeon, and saw 2 of its levels.

You collected 73 gold pieces.


Innate Abilities, Weirdness & Mutations

You are amphibious.
You cover ground slowly.
You can hop short distances.
You have an extended range of vision and can be seen from far away.


   Skills:
 - Level 3.6 Fighting
 + Level 4.7 Axes
 - Level 2.4 Armour
 - Level 1.1 Dodging


You had 2 spell levels left.
You didn't know any spells.
Your spell library was empty.

Inventory:

Hand Weapons
 j - a +0 whip
 Y - a +0 hand axe of chaos (weapon)
Armour
 d - a +0 chain mail (worn)
 h - a +0 helmet (worn)
Scrolls
 a - 2 scrolls of identify
 b - a scroll of enchant weapon {unknown}
Potions
 e - a potion of curing
 g - 2 potions of heal wounds
 i - a potion of might {unknown}
 k - a potion of flight {unknown}
Miscellaneous
 c - a piece from Xom's chessboard (15/15)

Dungeon Overview and Level Annotations

Branches:
Dungeon (2/15)

Altars:
Hepliaklqana
Xom

Shops:
D:1 [


Message History

You hit the shadow imp but do no damage.
You hit the iron imp but do no damage. The shadow imp hits you.
The helpless white imp fails to defend itself.
You hit the white imp but do no damage.
The white imp seems to grow stronger.
The white imp is heavily wounded.
You hit the shadow imp but do no damage.
You miss the quasit. You hit the iron imp but do no damage.
The quasit barely misses you.
The quasit claws you but does no damage.
The quasit barely misses you.
The iron imp hits you but does no damage.
The helpless white imp fails to defend itself.
You hit the white imp.
You kill the white imp!
The white imp disappears in a puff of smoke!
You hit the iron imp. x2; You closely miss the quasit.
The quasit bites you but does no damage.
The quasit barely misses you.
The quasit claws you but does no damage.
The iron imp puffs mist at you.
The iron imp hits you but does no damage.
The quasit bites you.
The quasit claws you but does no damage.
The quasit claws you.
You feel clumsy.
You hit the iron imp but do no damage.
The iron imp is moderately wounded.
You barely miss the iron imp. You closely miss the quasit.
The quasit bites you.
You feel clumsy.
The quasit claws you but does no damage.
The quasit barely misses you. The iron imp hits you. The iron imp hits you!
You barely miss the iron imp.
The iron imp is moderately wounded.
You barely miss the iron imp. You miss the quasit.
The quasit bites you but does no damage.
The quasit claws you but does no damage.
The quasit closely misses you. The iron imp hits you!
You die...

#...................#
#............#......#
#.........####......#
#.........#...##....#
#.........#.#.# ....#
#...........#.# ....#
#........#..#.# 5...#
#........#....##55..#
#.....#..#.#.55@5...#
###.#.#......###5...#
#...#.###### #####
##.... ####


You could see 4 iron imps, 2 quasits and a shadow imp (summoned).

Vanquished Creatures
  An adder (D:2)
  4 endoplasms
  2 giant cockroaches
  2 hobgoblins
  2 kobolds (D:1)
  A quokka (D:2)
  3 ball pythons
  3 frilled lizards (D:2)
  A rat (D:1)
19 creatures vanquished.

Notes
Turn   | Place    | Note
-------+----------+-------------------------------------------
     0 | D:1      | qw the Barachi Chaos Knight began the quest for the Orb.
     0 | D:1      | Reached XP level 1. HP: 18/18 MP: 1/1
     0 | D:1      | 0 ||| qw: Version: 0.1-a-104-g96f76f8
     0 | D:1      | 0 ||| qw: Game counter: 5872
     0 | D:1      | 0 ||| qw: Always use a shield: true
     0 | D:1      | 0 ||| qw: God list: Okawaru
     0 | D:1      | 0 ||| qw: Allow faded altars: false
     0 | D:1      | 0 ||| qw: Do Orc after D:15 true
     0 | D:1      | 0 ||| qw: Do second Lair branch before Depths: true
     0 | D:1      | 0 ||| qw: Lair rune preference: random
     0 | D:1      | 0 ||| qw: Plans: Normal
     0 | D:1      | 0 ||| PLANNING D:1-11
     0 | D:1      | Fell from the grace of Xom
     4 | D:1      | Found a hazy altar of Hepliaklqana.
    71 | D:1      | Found Mityhafen's Armour Boutique.
    73 | D:1      | 73 ||| Stepping ~*~*~tactically~*~*~ (stealth).
    90 | D:1      | 90 ||| SHOPLISTING +0 chain mail (54 gold, have 0).
    90 | D:1      | 90 ||| SHOPLISTING +0 pair of boots (54 gold, have 0).
    90 | D:1      | 90 ||| SHOPLISTING +0 plate armour (276 gold, have 0).
    90 | D:1      | 90 ||| SHOPLISTING +0 ring mail (48 gold, have 0).
    90 | D:1      | 90 ||| SHOPLISTING +0 scale mail (48 gold, have 0).
    90 | D:1      | 90 ||| SHOPLISTING +1 plate armour of positive energy (384
                  | gold, have 0).
    90 | D:1      | 90 ||| SHOPLISTING +2 helmet of intelligence (258 gold,
                  | have 0).
    90 | D:1      | 90 ||| SHOPLISTING +2 leather armour of poison resistance
                  | (192 gold, have 0).
   158 | D:1      | Reached XP level 2. HP: 24/24 MP: 2/2
   404 | D:1      | Reached skill level 4 in Axes
   589 | D:1      | 589 ||| DROPPING amulet of faith.
   590 | D:1      | 590 ||| DROPPING ring of magical power.
   591 | D:1      | 591 ||| READING 2 scrolls labelled MOIPATU SUGEN.
   638 | D:2      | Found a shimmering altar of Xom.
   755 | D:2      | 755 ||| Stepping ~*~*~tactically~*~*~ (stealth).
   758 | D:2      | 758 ||| Stepping ~*~*~tactically~*~*~ (stealth).
   760 | D:2      | 760 ||| Stepping ~*~*~tactically~*~*~ (stealth).
   853 | D:2      | 853 ||| Stepping ~*~*~tactically~*~*~ (stealth).
   869 | D:2      | Reached XP level 3. HP: 19/29 MP: 3/3
   993 | D:2      | XOM: 1-stop teleportation journey
  1023 | D:2      | XOM: 3-stop teleportation journey
  1214 | D:2      | 1214 ||| Stepping ~*~*~tactically~*~*~ (stealth).
  1226 | D:2      | 1226 ||| Stepping ~*~*~tactically~*~*~ (stealth).
  1227 | D:2      | 1227 ||| FLEEEEING.
  1228 | D:2      | 1228 ||| FLEEEEING.
  1229 | D:2      | 1229 ||| FLEEEEING.
  1230 | D:2      | 1230 ||| FLEEEEING.
  1231 | D:2      | 1231 ||| FLEEEEING.
  1232 | D:2      | 1232 ||| FLEEEEING.
  1233 | D:2      | 1233 ||| FLEEEEING.
  1235 | D:2      | 1235 ||| FLEEEEING.
  1236 | D:2      | 1236 ||| FLEEEEING.
  1237 | D:2      | 1237 ||| FLEEEEING.
  1238 | D:2      | 1238 ||| FLEEEEING.
  1239 | D:2      | 1239 ||| FLEEEEING.
  1240 | D:2      | 1240 ||| FLEEEEING.
  1241 | D:2      | 1241 ||| FLEEEEING.
  1242 | D:2      | 1242 ||| FLEEEEING.
  1246 | D:2      | 1246 ||| FLEEEEING.
  1247 | D:2      | 1247 ||| FLEEEEING.
  1248 | D:2      | 1248 ||| FLEEEEING.
  1249 | D:2      | 1249 ||| FLEEEEING.
  1250 | D:2      | 1250 ||| FLEEEEING.
  1251 | D:2      | 1251 ||| FLEEEEING.
  1252 | D:2      | 1252 ||| FLEEEEING.
  1253 | D:2      | 1253 ||| FLEEEEING.
  1254 | D:2      | 1254 ||| FLEEEEING.
  1256 | D:2      | 1256 ||| STAIRDANCE
  1323 | D:1      | 1323 ||| UPGRADING to +0 chain mail.
  1333 | D:1      | 1333 ||| DROPPING +2 leather armour.
  1334 | D:1      | 1334 ||| UPGRADING to +0 helmet.
  1339 | D:1      | 1339 ||| DROPPING ring of flight.
  1340 | D:1      | 1340 ||| READING scroll labelled ITYN PIPNAPO.
  1345 | D:1      | 1345 ||| READING scroll labelled JEMOUF CEHAS.
  1346 | D:1      | 1346 ||| DRINKING 2 inky potions.
  1347 | D:1      | 1347 ||| READING 2 scrolls of identify.
  1347 | D:1      | 1347 ||| IDENTIFYING murky black potion
  1504 | D:2      | XOM: summons 8 hostile demons
  1510 | D:2      | Slain by an iron imp

Levels and vault maps discovered:
D:1:      dpeg_arrival_lava_altar, layout_loops_ring, serial_shops, shop,
          minmay_misc_feat_cross
D:2:      layout_basic, basic_altar, minmay_misc_feat_columns

Skill      XL: |  1  2 |
---------------+-------+-----
Axes           | 4 |  4.7
Fighting       | |  3.6
Armour         | |  2.4
Dodging        | |  1.1

Action                   || total
-------------------------++-------
Melee: Hand axe          ||    73
Invok: Renounce Religion ||     1
  Use: Scroll            ||     4
       Potion            ||     1
 Stab: Distracted        ||     1
       Paralysed         ||     3
Armor: Leather armour    ||    14
       Chain mail        ||    11
Dodge: Dodged            ||    32

Table legend:
 A = Non-vault XP
 B = Vault XP
 C = Vault XP percentage of total XP
 D = Non-vault monster count
 E = Vault monster count
 F = Vault count percentage of total count
                 A         B        C        D         E       F
            +---------+---------+-------+---------+---------+-------
      Total |      44 |       0 |   0.0 |      19 |       0 |   0.0
            +---------+---------+-------+---------+---------+-------
        D:1 |      15 |       0 |   0.0 |       9 |       0 |   0.0
        D:2 |      29 |       0 |   0.0 |      10 |       0 |   0.0
            +---------+---------+-------+---------+---------+-------
